[Event "ICC tourney 2784 (30 10)"]
[Site "Internet Chess Club"]
[Date "2022.01.02"]
[Round "2"]
[White "BAJAJ, ARJUN:LuckyNessLover"]
[Black "AYYAPPAN, SANTHOSH:SanthoshA"]
[Result "1-0"]
[ICCResult "Black resigns"]
[WhiteElo "1551"]
[BlackElo "1643"]
[Opening "Giuoco Pianissimo: Italian four knights variation"]
[ECO "C50"]
[NIC "IG.02"]
[Time "14:07:01"]
[PlyCount "79"]
[TimeControl "1800+10"]

1. e4 e5 2. Nf3 Nc6 3. Bc4 Bc5 4. Nc3 Nf6 5. d3 d6 6. O-O O-O 7. h3 Be6 8.
Bb3 Na5 9. Be3 Bxe3 10. fxe3 Nxb3 11. axb3 h6 12. d4 exd4 13. exd4 d5 14. e5
Nd7 15. Ne2 c5 16. c3 f6 17. Nf4 Re8 18. Ng6 Bf7 19. Qd3 Bxg6 20. Qxg6 fxe5
21. Nxe5 Nxe5 22. dxe5 Qe7 23. Rae1 Rac8 24. e6 Rf8 25. Rf5 Rxf5 26. Qxf5
Rd8 27. Rd1 d4 28. b4 b6 29. bxc5 bxc5 30. b4 dxc3 31. Qf7+ Qxf7 32. Rxd8+
Qf8 33. e7 Qxd8 34. exd8=Q+ Kh7 35. Qd3+ Kg8 36. Qxc3 cxb4 37. Qxb4 Kh8 38.
Qb8+ Kh7 39. Qxa7 Kh8 40. Qf7 {Black resigns} 1-0

[Event "ICC tourney 2784 (30 10)"]
[Site "Internet Chess Club"]
[Date "2022.01.02"]
[Round "2"]
[White "LIU, PATRICK PEIJUN:JunlinTheWorld"]
[Black "PU, LANDON:landonp"]
[Result "1-0"]
[ICCResult "Black checkmated"]
[WhiteElo "1817"]
[BlackElo "1632"]
[Opening "Grünfeld: Grünfeld gambit, Capablanca variation"]
[ECO "D83"]
[NIC "GI.03"]
[Time "14:00:45"]
[PlyCount "69"]
[TimeControl "1800+10"]

1. d4 Nf6 2. c4 g6 3. Nc3 d5 4. Bf4 Bg7 5. e3 O-O 6. Rc1 c5 7. dxc5 Qa5 8.
cxd5 Ne4 9. Ne2 Nxc5 10. Nd4 Nba6 11. Bc4 Bd7 12. O-O Nc7 13. b4 Qxb4 14.
Bxc7 Qxc4 15. Ne4 Qxd5 16. Nxc5 Bc8 17. Nf3 Qxa2 18. Qd3 Qb2 19. Rb1 Qf6 20.
Nxb7 Bxb7 21. Rxb7 Qc6 22. Qb5 Qe6 23. Be5 a6 24. Qa5 f6 25. Bd4 Rfc8 26.
Qa3 Kf8 27. Ng5 Qd6 28. Qxd6 exd6 29. Ne6+ Ke8 30. Nxg7+ Kf8 31. Ne6+ Kg8
32. Rg7+ Kh8 33. Bxf6 h6 34. Nf4 Rg8 35. Nxg6# {Black checkmated} 1-0

[Event "ICC tourney 2784 (30 10)"]
[Site "Internet Chess Club"]
[Date "2022.01.02"]
[Round "2"]
[White "BIST, ATHARVA:Atharva10"]
[Black "QIAN, BOBBY:math54321"]
[Result "0-1"]
[ICCResult "White checkmated"]
[WhiteElo "1861"]
[BlackElo "1610"]
[Opening "Queen's pawn, Mason variation"]
[ECO "D00"]
[NIC "QP.08"]
[Time "14:00:49"]
[PlyCount "124"]
[TimeControl "1800+10"]

1. d4 d5 2. Bf4 Nf6 3. e3 c5 4. c3 Nc6 5. Nd2 Bf5 6. Ngf3 e6 7. Be2 Qb6 8.
Qb3 c4 9. Qxb6 axb6 10. Nh4 Bc2 11. Rc1 Bg6 12. Nxg6 hxg6 13. a3 Kd7 14. e4
b5 15. exd5 exd5 16. O-O Bd6 17. Bxd6 Kxd6 18. Rfe1 Rae8 19. Bf3 Nd7 20. Re3
Rxe3 21. fxe3 f5 22. h3 Nf6 23. Rf1 Nd8 24. Kh2 Nf7 25. Kg3 Ng5 26. Kf4 Ne6+
27. Kg3 Ng5 28. Kf4 Nf7 29. Be2 Ke6 30. b3 g5+ 31. Kf3 Nd6 32. bxc4 bxc4 33.
Bd1 Nfe4 34. Nb1 Nb5 35. Bc2 Nbxc3 36. Nxc3 Nxc3 37. Rc1 Nb5 38. Rb1 Nxa3
39. Rb6+ Kd7 40. Bxf5+ Kc7 41. Rb4 b5 42. e4 Nc2 43. Rb2 Nxd4+ 44. Kg4 c3
45. Rb1 Kd6 46. Kxg5 Nxf5 47. Kxf5 c2 48. Rc1 Rc8 49. e5+ Ke7 50. Kf4 Rc3
51. e6 Kxe6 52. Re1+ Kd6 53. Rc1 b4 54. Rxc2 Rxc2 55. g4 b3 56. Kg5 b2 57.
Kg6 b1=Q 58. Kxg7 Qf1 59. Kg6 Rc7 60. h4 Qf7+ 61. Kg5 Ke5 62. h5 Qf6#
{White checkmated}
0-1

[Event "ICC tourney 2784 (30 10)"]
[Site "Internet Chess Club"]
[Date "2022.01.02"]
[Round "2"]
[White "Nguyen, Lam Vuong Tung:Simplicitybest"]
[Black "Vishwa, Susheel:sushivishwa"]
[Result "1-0"]
[ICCResult "Black checkmated"]
[WhiteElo "1800"]
[BlackElo "1964"]
[Opening "Dutch: classical variation"]
[ECO "A96"]
[NIC "HD.01"]
[Time "14:00:44"]
[PlyCount "83"]
[TimeControl "1800+10"]

1. d4 f5 2. Nf3 e6 3. g3 Nf6 4. Bg2 Be7 5. O-O O-O 6. c4 d6 7. b3 a5 8. Nc3
Ne4 9. Bb2 Bf6 10. Qd3 Nxc3 11. Bxc3 Nc6 12. d5 Nb4 13. Qd2 Bxc3 14. Qxc3 e5
15. Nd2 b6 16. f4 e4 17. a3 Na6 18. b4 axb4 19. axb4 Bd7 20. Nb3 Qe7 21. e3
c5 22. dxc6 Be6 23. Nd4 Nc7 24. Nb5 Bf7 25. Rfd1 Bh5 26. Rdc1 Ne6 27. Rxa8
Rxa8 28. Ra1 Rc8 29. Ra7 Qf8 30. Qd2 Nd8 31. c7 Nf7 32. Qd5 g6 33. Qd4 Be2
34. Nc3 Bd3 35. Nd5 Nh6 36. Nxb6 Ng4 37. Nxc8 Qxc8 38. Qxd6 Nxe3 39. Qd8+
Kg7 40. Qxc8 Bxc4 41. Qf8+ Kxf8 42. c8=Q# {Black checkmated} 1-0

[Event "ICC tourney 2784 (30 10)"]
[Site "Internet Chess Club"]
[Date "2022.01.02"]
[Round "2"]
[White "WANG, ISAAC:CoastalJourney"]
[Black "CHIANG, JACOB:Cobysters"]
[Result "0-1"]
[ICCResult "White resigns"]
[WhiteElo "1541"]
[BlackElo "1831"]
[Opening "Benoni: Taimanov variation"]
[ECO "A67"]
[NIC "BI.33"]
[Time "14:00:23"]
[PlyCount "94"]
[TimeControl "1800+10"]

1. d4 Nf6 2. c4 c5 3. d5 e6 4. Nc3 exd5 5. cxd5 d6 6. e4 g6 7. f4 Bg7 8.
Bb5+ Nfd7 9. Nf3 O-O 10. O-O a6 11. Bd3 b5 12. Qe1 Re8 13. Qg3 c4 14. Bc2 b4
15. Na4 Qc7 16. f5 Nf6 17. fxg6 hxg6 18. Qh4 Bd7 19. Ng5 Bxa4 20. Rxf6 Bxf6
21. Qh7+ Kf8 22. Ne6+ Rxe6 23. dxe6 Be8 24. Bh6+ Ke7 25. Qg8 Nc6 26. Qf8+
Kxe6 27. Bd1 Ne5 28. Be3 Bc6 29. Qh6 Ke7 30. Bg5 Qa7+ 31. Be3 Qd7 32. Qf4
Qe6 33. Be2 Nd3 34. Qg3 Qe5 35. Qf3 Rh8 36. h3 Qxe4 37. Qxe4+ Bxe4 38. Rf1
Be5 39. Bg5+ f6 40. Be3 Nxb2 41. Bc1 Nd3 42. Be3 Rc8 43. Bxd3 Bxd3 44. Re1
c3 45. Bc1 a5 46. Kf2 a4 47. Ke3 Bc4 {White resigns} 0-1

[Event "ICC tourney 2784 (30 10)"]
[Site "Internet Chess Club"]
[Date "2022.01.02"]
[Round "2"]
[White "LIN, BENJAMIN GU:bgl2011"]
[Black "PHADKE, VIRAJ SHARAD:virajphadke"]
[Result "0-1"]
[ICCResult "White resigns"]
[WhiteElo "1655"]
[BlackElo "1598"]
[Opening "Giuoco Piano"]
[ECO "C54"]
[NIC "IG.02"]
[Time "14:00:23"]
[PlyCount "76"]
[TimeControl "1800+10"]

1. e4 e5 2. Nf3 Nc6 3. Bc4 Bc5 4. c3 Nf6 5. d3 d6 6. O-O h6 7. Nbd2 O-O 8.
Re1 a6 9. Nf1 Na5 10. Bb3 Nxb3 11. axb3 Re8 12. Be3 Bxe3 13. Nxe3 Ng4 14. h3
Nxe3 15. fxe3 Be6 16. d4 c5 17. d5 Bd7 18. c4 a5 19. Qc2 Qf6 20. Kh1 Bxh3
21. gxh3 Qxf3+ 22. Kh2 Rf8 23. Qd3 f5 24. Rf1 fxe4 25. Rxf3 exd3 26. Rg3
Rf2+ 27. Kh1 d2 28. Rag1 g5 29. h4 Raf8 30. hxg5 hxg5 31. Rxg5+ Kf7 32. Rg7+
Ke8 33. Rg8 Rxg8 34. Rxg8+ Kf7 35. Rg1 Re2 36. Rf1+ Kg6 37. Rg1+ Kf5 38.
Rf1+ Ke4 {White resigns} 0-1

[Event "ICC tourney 2784 (30 10)"]
[Site "Internet Chess Club"]
[Date "2022.01.02"]
[Round "2"]
[White "Laido, Olivia:beibeiolivia"]
[Black "REISS, AIDEN:K09-16581243"]
[Result "0-1"]
[ICCResult "White checkmated"]
[WhiteElo "1409"]
[BlackElo "1817"]
[Opening "Sicilian: Alapin's variation (2.c3)"]
[ECO "B22"]
[NIC "SI.46"]
[Time "14:00:19"]
[PlyCount "128"]
[TimeControl "1800+10"]

1. e4 c5 2. c3 d5 3. exd5 Qxd5 4. d4 Nc6 5. Nf3 Bg4 6. Be2 cxd4 7. cxd4 e6
8. Nc3 Qd7 9. Be3 Nf6 10. h3 Bh5 11. O-O Be7 12. Rc1 O-O 13. Ne5 Bxe2 14.
Nxe2 Nxe5 15. dxe5 Nd5 16. Nf4 Rfd8 17. Qf3 Nxf4 18. Bxf4 Rac8 19. Qg3 Qb5
20. Bh6 g6 21. b3 Rc5 22. Rxc5 Bxc5 23. Qg5 Qd7 24. Qf6 Bf8 25. Bg5 Rc8 26.
Qf3 Bg7 27. Rd1 Qc7 28. Bf6 Bxf6 29. exf6 b6 30. b4 Qe5 31. Qb7 Re8 32. Qd7
Rf8 33. Qe7 Qb8 34. Rd7 a5 35. Rb7 Qc8 36. Rc7 Qa8 37. bxa5 bxa5 38. Qc5 Qd8
39. Qe5 Qd2 40. Qc5 Qd8 41. Qc3 Qd6 42. Qc1 Rd8 43. Qh6 Qd1+ 44. Kh2 Qd6+
45. g3 Qf8 46. Qg5 Rd5 47. Qc1 h5 48. Qc6 Rd6 49. Qc5 a4 50. Re7 Rd8 51. Qb5
Ra8 52. Qd7 a3 53. Qd6 Qb8 54. Qd7 Qf8 55. Qb7 Rb8 56. Qa7 Ra8 57. Qc7 h4
58. Qc1 hxg3+ 59. fxg3 Rc8 60. Qxa3 Rc2+ 61. Kg1 Qd8 62. Qf3 Qd4+ 63. Kh1
Qa1+ 64. Qf1 Qxf1# {White checkmated} 0-1

[Event "ICC tourney 2784 (30 10)"]
[Site "Internet Chess Club"]
[Date "2022.01.02"]
[Round "2"]
[White "ZHANG, ALEX:yangjunboy7"]
[Black "VIKAS, HEMA:madscience08"]
[Result "1/2-1/2"]
[ICCResult "Game drawn by mutual agreement"]
[WhiteElo "1808"]
[BlackElo "1407"]
[Opening "Trompowsky attack (Ruth, Opocenský opening)"]
[ECO "A45"]
[NIC "QP.07"]
[Time "14:01:04"]
[PlyCount "147"]
[TimeControl "1800+10"]

1. d4 Nf6 2. Bg5 Ne4 3. Bf4 d5 4. f3 Nf6 5. e4 dxe4 6. Nc3 Bf5 7. Bc4 e6 8.
Qe2 exf3 9. Nxf3 Be7 10. O-O-O O-O 11. Ne5 c6 12. g4 Bg6 13. h4 Nd5 14. Bxd5
exd5 15. h5 Be4 16. Nxe4 dxe4 17. Qxe4 Bg5 18. h6 Qf6 19. Rdf1 g6 20. Qe3
Bxf4 21. Rxf4 Qe6 22. Re4 Qxa2 23. Qf3 f5 24. Nxg6 hxg6 25. h7+ Kh8 26. gxf5
Qf7 27. d5 Nd7 28. Qc3+ Qf6 29. fxg6 Qxc3 30. bxc3 Rae8 31. Ra4 cxd5 32.
Rxa7 Nc5 33. Ra5 Rc8 34. Rg1 Ne6 35. Rxd5 Rxc3 36. Rd7 Ng7 37. Rxb7 Rfc8 38.
Rg2 R3c4 39. Kb2 Rc3 40. Kb1 R3c4 41. Rd2 R4c6 42. Rbd7 Rb8+ 43. Kc1 Rf6 44.
Rg2 Rc6 45. Kd2 Rc5 46. Kd3 Rbc8 47. Ke4 Rc4+ 48. Kd3 Rc3+ 49. Ke4 R3c4+ 50.
Kd3 Rc3+ 51. Ke4 R3c4+ 52. Kd5 R8c5+ 53. Kd6 Nf5+ 54. Ke6 Ng7+ 55. Ke7 Rc8
56. Kf6 Nh5+ 57. Kg5 Ng7 58. Kh6 Rh4+ 59. Kg5 Rhc4 60. Rgd2 R8c5+ 61. Kf6
Rf5+ 62. Ke7 Re4+ 63. Kd6 Ne8+ 64. Kc6 Re6+ 65. Kb7 Rb5+ 66. Ka7 Rxg6 67. c4
Ra5+ 68. Kb7 Rg7 69. Kb6 Rh5 70. Rd8 Rg6+ 71. Kb7 Rxh7+ 72. Ka8 Re6 73. c5
Rc7 74. Rf2 {Game drawn by mutual agreement} 1/2-1/2

[Event "ICC tourney 2784 (30 10)"]
[Site "Internet Chess Club"]
[Date "2022.01.02"]
[Round "2"]
[White "VIDENA, DANIEL TUAPEN:Davide25"]
[Black "WANG, ALEXANDER J:ickyquarter"]
[Result "0-1"]
[ICCResult "White resigns"]
[WhiteElo "1633"]
[BlackElo "1865"]
[Opening "QGD: Tarrasch, Prague variation, 9.Bg5"]
[ECO "D33"]
[NIC "TD.03"]
[Time "14:00:20"]
[PlyCount "180"]
[TimeControl "1800+10"]

1. d4 d5 2. c4 e6 3. Nc3 c5 4. cxd5 exd5 5. Nf3 Nc6 6. g3 Nf6 7. Bg5 Be7 8.
Bg2 O-O 9. O-O h6 10. Bxf6 Bxf6 11. e3 cxd4 12. Nxd4 Nxd4 13. exd4 Be6 14.
Qd2 a6 15. f4 g6 16. f5 Bxf5 17. Nxd5 Bg7 18. Rad1 Bg4 19. Rc1 Be6 20. Nc7
Qxd4+ 21. Qxd4 Bxd4+ 22. Kh1 Rab8 23. Nxe6 fxe6 24. Rxf8+ Kxf8 25. Rc7 b6
26. b3 Be5 27. Rc6 Ke7 28. Bh3 Bd6 29. Rc4 Rf8 30. Re4 e5 31. Kg2 g5 32. Bg4
a5 33. a4 Kf6 34. Re1 Kg6 35. Rf1 Re8 36. Bf5+ Kg7 37. Rd1 Rd8 38. Kf3 Kf6
39. Ke4 Ke7 40. g4 Rh8 41. h3 Rb8 42. Rd5 Rb7 43. Rb5 Bc5 44. Kxe5 Ra7 45.
Be6 Ra8 46. Bf5 Rd8 47. Ke4 Rd4+ 48. Kf3 Kd6 49. Bg6 Ke5 50. b4 Rxb4 51.
Rxb4 axb4 52. Ke2 Kd4 53. Kd2 Kc4 54. Kc2 b3+ 55. Kb2 Bd4+ 56. Kb1 Kb4 57.
Be8 Kc3 58. Bg6 Kd2 59. Bf7 b2 60. Bg6 Ke3 61. Bc2 Kf2 62. Bg6 Kg2 63. Bh5
Kxh3 64. Kc2 Kg3 65. Kb1 Kf4 66. Kc2 Ke4 67. Kb1 Ke3 68. Kc2 Ke2 69. Kb1 Kd2
70. Bg6 Kc3 71. Bh5 Kb4 72. Be8 Ka3 73. Bh5 Kxa4 74. Be8+ Kb4 75. Bh5 Kc3
76. Bf7 b5 77. Bh5 b4 78. Bf7 Kd3 79. Bh5 Ke3 80. Bg6 Kf4 81. Bh5 b3 82. Be8
Kxg4 83. Bc6 Kg3 84. Ba8 h5 85. Bc6 h4 86. Bd7 Be3 87. Be6 h3 88. Bxh3 Kxh3
89. Kxb2 g4 90. Kxb3 g3 {White resigns} 0-1

[Event "ICC tourney 2784 (30 10)"]
[Site "Internet Chess Club"]
[Date "2022.01.02"]
[Round "2"]
[White "THAIN, JACK:jt1819"]
[Black "SIMPSON, MICHAEL:MichaelSimpson"]
[Result "0-1"]
[ICCResult "White resigns"]
[WhiteElo "1701"]
[BlackElo "1950"]
[Opening "Queen's pawn: Chigorin variation"]
[ECO "D00"]
[NIC "QP.08"]
[Time "14:00:25"]
[PlyCount "100"]
[TimeControl "1800+10"]

1. d4 d5 2. Nc3 Nf6 3. Bf4 c5 4. e3 e6 5. Nb5 Na6 6. c3 Be7 7. Nf3 O-O 8.
Be2 Bd7 9. a4 c4 10. b3 Ne4 11. Qc2 cxb3 12. Qxb3 Qa5 13. Rc1 Rfc8 14. O-O
g5 15. Bxg5 Nxg5 16. Nxg5 Bxg5 17. Nd6 Rc7 18. Bh5 Bxa4 19. Qa3 b5 20. Nxf7
Rxf7 21. Bxf7+ Kxf7 22. f4 Bf6 23. f5 Qb6 24. fxe6+ Qxe6 25. Rf3 Kg8 26.
Rcf1 Be7 27. Rg3+ Kh8 28. Qc1 Rf8 29. Rxf8+ Bxf8 30. Qf1 Bd6 31. Rh3 Bc2 32.
Qxb5 Bf5 33. Rf3 Be4 34. Rf2 Nc7 35. Qb8+ Ne8 36. Qxa7 Qh6 37. h3 Qe6 38.
Qa1 Nf6 39. Qf1 Kg7 40. Qa1 Nh5 41. Qa7+ Qe7 42. Qa6 Ng3 43. Rb2 Qe6 44. Rb6
Nf5 45. g4 Qg6 46. Kf1 Ng3+ 47. Ke1 Qg5 48. Rb7+ Be7 49. Kd2 Qf6 50. Ke1
Qxa6 {White resigns} 0-1

[Event "ICC tourney 2784 (30 10)"]
[Site "Internet Chess Club"]
[Date "2022.01.02"]
[Round "2"]
[White "PRIYADARSHI, VED:ved2006"]
[Black "CHINNI, RISHABH:alphachesplayer"]
[Result "0-1"]
[ICCResult "White resigns"]
[WhiteElo "1650"]
[BlackElo "1555"]
[Opening "Queen's pawn: Yusupov-Rubinstein system"]
[ECO "A46"]
[NIC "QP.06"]
[Time "14:00:20"]
[PlyCount "126"]
[TimeControl "1800+10"]

1. d4 Nf6 2. Nf3 e6 3. e3 c5 4. c3 d5 5. Nbd2 Nc6 6. Bd3 Bd6 7. O-O O-O 8.
b3 Qc7 9. Bb2 b6 10. e4 dxe4 11. Nxe4 Nxe4 12. Bxe4 Bb7 13. h3 f5 14. Bd3 e5
15. Ng5 Qe7 16. Bc4+ Kh8 17. h4 g6 18. Bc1 f4 19. Re1 cxd4 20. cxd4 Nxd4 21.
Bb2 Nf5 22. Ne6 Qxh4 23. Rxe5 Bxe5 24. Bxe5+ Rf6 25. Bxf6+ Qxf6 26. Nxf4 Rd8
27. Qe1 Nh4 28. Nd3 Bxg2 29. Ne5 Nf3+ 30. Nxf3 Bxf3 31. Bf1 Rd4 32. Bh3 Re4
33. Qc1 Re8 34. Rb1 Be4 35. Rb2 Qf3 36. Kh2 Rf8 37. Qg1 Qf4+ 38. Qg3 h5 39.
Re2 h4 40. Qxf4 Rxf4 41. Be6 g5 42. Bc4 g4 43. Rd2 Bc6 44. Rd8+ Kg7 45. Kg1
b5 46. Bd3 Rf7 47. Rd6 Bf3 48. Bxb5 Re7 49. Rd7 Rxd7 50. Bxd7 Kf6 51. b4 Ke5
52. b5 Kd4 53. Bc6 Be2 54. Kg2 Kc5 55. Bd7 Kb4 56. Bc6 Bxb5 57. Bxb5 Kxb5
58. f3 gxf3+ 59. Kxf3 Ka4 60. Kg4 Ka3 61. Kxh4 Kxa2 62. Kg4 Kb2 63. Kf4 a5
{White resigns}
0-1

[Event "ICC tourney 2784 (30 10)"]
[Site "Internet Chess Club"]
[Date "2022.01.02"]
[Round "3"]
[White "OPASKA, MICHAEL:mopaska1106"]
[Black "VIKAS, HEMA:madscience08"]
[Result "0-1"]
[ICCResult "White resigns"]
[WhiteElo "1874"]
[BlackElo "1407"]
[Opening "Grünfeld: exchange, Spassky variation"]
[ECO "D87"]
[NIC "GI.05"]
[Time "16:00:57"]
[PlyCount "50"]
[TimeControl "1800+10"]

1. d4 Nf6 2. c4 g6 3. Nc3 d5 4. cxd5 Nxd5 5. e4 Nxc3 6. bxc3 Bg7 7. Bc4 c5
8. Ne2 O-O 9. h4 h5 10. e5 cxd4 11. cxd4 Qc7 12. Bb3 Nc6 13. O-O Rd8 14. Qc2
Bf5 15. Qb2 Bd3 16. Bxf7+ Kxf7 17. Qb3+ e6 18. Qxd3 Bxe5 19. Bg5 Nxd4 20.
Bxd8 Rxd8 21. Nxd4 Rxd4 22. Qh3 Qe7 23. f4 Bf6 24. g3 Qc5 25. Kh1 Rd2
{White resigns}
0-1

[Event "ICC tourney 2784 (30 10)"]
[Site "Internet Chess Club"]
[Date "2022.01.02"]
[Round "3"]
[White "Luo, Will:willluowin"]
[Black "DAS, ADITEYA:AdiD"]
[Result "1/2-1/2"]
[ICCResult "Game drawn by mutual agreement"]
[WhiteElo "1692"]
[BlackElo "1436"]
[Opening "English, 1...Nf6 (Anglo-Indian defense)"]
[ECO "A13"]
[NIC "RE.11"]
[Time "16:00:58"]
[PlyCount "150"]
[TimeControl "1800+10"]

1. c4 Nf6 2. g3 e6 3. Bg2 d5 4. Nf3 c5 5. O-O Nc6 6. cxd5 exd5 7. d4 Bg4 8.
dxc5 Bxc5 9. Bf4 O-O 10. e3 d4 11. exd4 Nxd4 12. Nbd2 Bb4 13. Qa4 Ne2+ 14.
Kh1 Bxd2 15. Nxd2 Nxf4 16. Qxf4 Qd7 17. Ne4 Nxe4 18. Qxe4 Rab8 19. Rac1 Rfe8
20. Qf4 Qf5 21. Qxf5 Bxf5 22. Rc7 Be4 23. Rfc1 g6 24. Bxe4 Rxe4 25. Kg2 Re2
26. Rd7 Rxb2 27. Rcc7 Rf8 28. a4 Ra2 29. Rc4 Rb2 30. a5 Ra2 31. Rc5 Rb2 32.
Kf3 b6 33. axb6 axb6 34. Rcc7 b5 35. Rb7 b4 36. h4 h5 37. Kg2 Kg7 38. Rd4 b3
39. Rdb4 Rd8 40. Rxb3 Rc2 41. Rf3 Rf8 42. Rf4 Rcc8 43. f3 Rb8 44. Rfxf7+
Rxf7 45. Rxb8 Re7 46. g4 hxg4 47. fxg4 Re4 48. Kf3 Ra4 49. Rb7+ Kf6 50. Kg3
Ra3+ 51. Kf4 Ra4+ 52. Kf3 Ra3+ 53. Ke2 Ra2+ 54. Kd3 Ra4 55. Rb6+ Kg7 56.
Rb7+ Kf6 57. g5+ Kf5 58. Rh7 Ra3+ 59. Kd4 Ra4+ 60. Kd5 Ra5+ 61. Kc6 Ra6+ 62.
Kb5 Ra1 63. Rh6 Rb1+ 64. Kc6 Rc1+ 65. Kd6 Ra1 66. Rh8 Ra6+ 67. Kc5 Ra5+ 68.
Kb6 Ra1 69. Rd8 Rb1+ 70. Kc5 Rc1+ 71. Kb4 Rb1+ 72. Kc3 Rc1+ 73. Kd2 Rc4 74.
Rh8 Rd4+ 75. Ke3 Ra4 {Game drawn by mutual agreement} 1/2-1/2

[Event "ICC tourney 2784 (30 10)"]
[Site "Internet Chess Club"]
[Date "2022.01.02"]
[Round "3"]
[White "QIAN, BOBBY:math54321"]
[Black "ZHANG, ALEX:yangjunboy7"]
[Result "0-1"]
[ICCResult "White resigns"]
[WhiteElo "1610"]
[BlackElo "1808"]
[Opening "Caro-Kann: Tartakower (Nimzovich) variation"]
[ECO "B15"]
[NIC "CK.06"]
[Time "16:00:48"]
[PlyCount "42"]
[TimeControl "1800+10"]

1. e4 c6 2. d4 d5 3. Nc3 dxe4 4. Nxe4 Nf6 5. Nxf6+ exf6 6. Nf3 Bd6 7. Bd3
O-O 8. O-O Re8 9. h3 Be6 10. c3 Nd7 11. Qc2 Nf8 12. Re1 Qd7 13. Be3 Ng6 14.
Bxg6 hxg6 15. Rad1 Bxh3 16. gxh3 Qxh3 17. Nd2 Bh2+ 18. Kh1 Bg3+ 19. Kg1 Qh2+
20. Kf1 Rxe3 21. fxg3 Rxg3 {White resigns} 0-1

[Event "ICC tourney 2784 (30 10)"]
[Site "Internet Chess Club"]
[Date "2022.01.02"]
[Round "3"]
[White "TREUSDELL, ROSS G:IveDoneEnough"]
[Black "BAJAJ, ARJUN:LuckyNessLover"]
[Result "1-0"]
[ICCResult "Black resigns"]
[WhiteElo "1754"]
[BlackElo "1551"]
[Opening "Scandinavian: Kiel variation"]
[ECO "B01"]
[NIC "SD.03"]
[Time "16:00:48"]
[PlyCount "91"]
[TimeControl "1800+10"]

1. e4 d5 2. exd5 Nf6 3. d4 Nxd5 4. c4 Nb4 5. Be3 Bf5 6. Na3 e6 7. Nf3 Be7 8.
Be2 O-O 9. O-O Nd7 10. Ne1 Nb6 11. Nac2 Nxc2 12. Nxc2 Bf6 13. Bd3 Bxd3 14.
Qxd3 c5 15. Rad1 cxd4 16. Nxd4 Qc7 17. b3 Rfd8 18. Qe4 a6 19. Nxe6 Qe7 20.
Bxb6 Re8 21. Bc5 Qxe6 22. Qxb7 Qf5 23. Be3 a5 24. Qd5 Qxd5 25. Rxd5 a4 26.
b4 Rec8 27. c5 Rab8 28. Rb1 a3 29. Rb3 Rd8 30. Rxd8+ Rxd8 31. g3 Bb2 32. b5
Kf8 33. b6 Rb8 34. Bf4 Rc8 35. b7 Rd8 36. b8=Q Rxb8 37. Rxb8+ Ke7 38. c6 g5
39. c7 gxf4 40. c8=Q fxg3 41. Rb7+ Kf6 42. Qd7 gxh2+ 43. Kxh2 Kg5 44. Rb5+
Kg6 45. Qf5+ Kg7 46. Qg5+ {Black resigns} 1-0

[Event "ICC tourney 2784 (30 10)"]
[Site "Internet Chess Club"]
[Date "2022.01.02"]
[Round "3"]
[White "SIMPSON, MICHAEL:MichaelSimpson"]
[Black "REISS, AIDEN:K09-16581243"]
[Result "0-1"]
[ICCResult "White resigns"]
[WhiteElo "1950"]
[BlackElo "1817"]
[Opening "Sicilian: Najdorf, Byrne (English) attack"]
[ECO "B90"]
[NIC "SI.14"]
[Time "16:00:47"]
[PlyCount "62"]
[TimeControl "1800+10"]

1. e4 c5 2. Nf3 d6 3. d4 cxd4 4. Nxd4 Nf6 5. Nc3 a6 6. Be3 e5 7. Nb3 Be6 8.
Qd2 Be7 9. f3 O-O 10. g4 b5 11. g5 b4 12. Ne2 Nfd7 13. O-O-O a5 14. Kb1 Nc6
15. Ng3 a4 16. Nc1 Qc7 17. h4 b3 18. cxb3 axb3 19. a3 Rfc8 20. h5 Nd4 21.
Bd3 Nc5 22. Bxd4 exd4 23. Rh2 Na4 24. Nce2 Nc3+ 25. bxc3 Rxa3 26. Nxd4 Rca8
27. Nxe6 Ra1+ 28. Kb2 R8a2+ 29. Kxb3 Qb6+ 30. Kc4 Ra4+ 31. Kd5 Ra5+
{White resigns}
0-1

[Event "ICC tourney 2784 (30 10)"]
[Site "Internet Chess Club"]
[Date "2022.01.02"]
[Round "3"]
[White "WILSON, MATTHEW R:roamingmatt"]
[Black "Laido, Olivia:beibeiolivia"]
[Result "1-0"]
[ICCResult "Black checkmated"]
[WhiteElo "1900"]
[BlackElo "1409"]
[Opening "Four knights: Scotch, 4...exd4"]
[ECO "C47"]
[NIC "KP.06"]
[Time "16:00:47"]
[PlyCount "99"]
[TimeControl "1800+10"]

1. e4 e5 2. Nf3 Nc6 3. Nc3 Nf6 4. d4 exd4 5. Nxd4 Bc5 6. Be3 Bb6 7. Qd2 d6
8. O-O-O Qe7 9. f3 Bd7 10. g4 Ne5 11. g5 Nh5 12. Nd5 Qd8 13. Be2 Bxd4 14.
Bxd4 Ng6 15. Be3 f6 16. f4 fxg5 17. Bxh5 gxf4 18. Nxf4 Qf6 19. Bd4 Qf7 20.
Rhg1 Qxa2 21. b3 O-O-O 22. Nxg6 hxg6 23. Bxg6 Rdg8 24. Bf5 Bxf5 25. exf5 Rh7
26. f6 g6 27. Qe2 Rf8 28. Rxg6 Rh4 29. Qe6+ Kb8 30. Rg8 b6 31. Rxf8+ Kb7 32.
Qd5+ Ka6 33. Qc4+ Kb7 34. Qa4 Qxa4 35. bxa4 Rxh2 36. f7 Rh7 37. Rb8+ Kxb8
38. f8=Q+ Kb7 39. Qf3+ Ka6 40. Qd3+ Kb7 41. Qxh7 d5 42. Bxb6 axb6 43. Rxd5
b5 44. Rxb5+ Ka6 45. Qg6+ Ka7 46. Ra5+ Kb8 47. Qe8+ Kb7 48. Rb5+ Ka7 49.
Qb8+ Ka6 50. Qb7# {Black checkmated} 1-0

[Event "ICC tourney 2784 (30 10)"]
[Site "Internet Chess Club"]
[Date "2022.01.02"]
[Round "3"]
[White "WANG, ALEXANDER J:ickyquarter"]
[Black "Nguyen, Lam Vuong Tung:Simplicitybest"]
[Result "1-0"]
[ICCResult "Black resigns"]
[WhiteElo "1865"]
[BlackElo "1800"]
[Opening "Sicilian: Najdorf, Zagreb (fianchetto) variation"]
[ECO "B91"]
[NIC "SI.14"]
[Time "16:00:52"]
[PlyCount "79"]
[TimeControl "1800+10"]

1. e4 c5 2. Nf3 d6 3. d4 cxd4 4. Nxd4 Nf6 5. Nc3 a6 6. g3 e5 7. Nde2 Be6 8.
Bg2 Be7 9. O-O O-O 10. h3 Nbd7 11. g4 h6 12. Ng3 Rc8 13. Be3 Qa5 14. Qd2 Kh7
15. Rfd1 Rfd8 16. Nd5 Qxd2 17. Rxd2 Bxd5 18. exd5 g6 19. a4 Ne8 20. c3 Ng7
21. Be4 Rf8 22. Bc2 f5 23. gxf5 gxf5 24. f4 e4 25. Kh2 Rg8 26. Rg1 Bf6 27.
Nxf5 Nxf5 28. Bxe4 Rxg1 29. Bxg1 Kg6 30. Rg2+ Bg5 31. fxg5 hxg5 32. h4 Rc4
33. Rxg5+ Kh6 34. Bxf5 Rxh4+ 35. Kg3 Kxg5 36. Bxd7 Rh1 37. Bd4 Rh7 38. Be6
Rh1 39. b4 Rc1 40. Be3+ {Black resigns} 1-0

[Event "ICC tourney 2784 (30 10)"]
[Site "Internet Chess Club"]
[Date "2022.01.02"]
[Round "3"]
[White "BIST, ATHARVA:Atharva10"]
[Black "VIDENA, DANIEL TUAPEN:Davide25"]
[Result "1-0"]
[ICCResult "Black checkmated"]
[WhiteElo "1861"]
[BlackElo "1633"]
[Opening "Queen's pawn: London system"]
[ECO "A45"]
[NIC "QP.07"]
[Time "16:00:45"]
[PlyCount "173"]
[TimeControl "1800+10"]

1. d4 Nf6 2. Bf4 d5 3. e3 Bf5 4. Nf3 e6 5. Nbd2 c5 6. c3 Nc6 7. Be2 h6 8. h3
Bd6 9. Bxd6 Qxd6 10. Rc1 c4 11. e4 Nxe4 12. O-O O-O 13. b3 b5 14. Nxe4 Bxe4
15. Re1 Rfc8 16. Nd2 Bg6 17. Bh5 Bxh5 18. Qxh5 Qf4 19. Re3 a5 20. Rce1 b4
21. bxc4 bxc3 22. Nf3 g6 23. Qg4 Qxg4 24. hxg4 dxc4 25. Rxc3 Nb4 26. Ne5
Nxa2 27. Rxc4 Rxc4 28. Nxc4 Nb4 29. Ra1 Nc6 30. Ra4 Kf8 31. Nb6 Ra6 32. d5
exd5 33. Nxd5 Ra7 34. f3 Ke8 35. Kf2 Kd7 36. Ke3 Kd6 37. Nc3 Kc5 38. Ne4+
Kb5 39. Nc3+ Kc5 40. Ne4+ Kb6 41. f4 Re7 42. Kd3 Nb4+ 43. Kd4 Kb5 44. Nc3+
Kb6 45. Rxb4+ axb4 46. Nd5+ Ka5 47. Nxe7 Ka4 48. Nd5 b3 49. Kc3 Ka3 50. Nb6
Ka2 51. Nc4 f5 52. g5 hxg5 53. fxg5 f4 54. Nb2 Ka3 55. Nd3 f3 56. gxf3 Ka4
57. f4 Kb5 58. Kxb3 Kc6 59. Kc4 Kd6 60. Kd4 Ke6 61. Ke4 Kf7 62. Ke5 Ke7 63.
Nf2 Kf7 64. Ne4 Ke7 65. Ng3 Kf7 66. Nf5 Kf8 67. Kf6 Kg8 68. Kxg6 Kh8 69. Ng3
Kg8 70. f5 Kh8 71. Kf7 Kh7 72. g6+ Kh6 73. g7 Kg5 74. g8=Q+ Kf4 75. Ne2+
Kxf5 76. Nc1 Ke5 77. Qg6 Kf4 78. Qh5 Ke3 79. Qg4 Kd2 80. Qf3 Kxc1 81. Qe2
Kb1 82. Qd2 Ka1 83. Ke6 Kb1 84. Kd5 Ka1 85. Kc4 Kb1 86. Kb3 Ka1 87. Qa2#
{Black checkmated}
1-0